 Dungeon Crawl Stone Soup version 0.29.1-15-g9cfb28693d (webtiles) character file.

Game seed: 5940910036544833842

3841 Googleaster1 the Severer (level 9, 0/70 HPs)
             Began as a Minotaur Berserker on Mar 29, 2023.
             Was a Priest of Trog.
             Killed from afar by a rime drake (26 damage)
             ... with a flash freeze
             ... on level 1 of the Lair of Beasts on Mar 30, 2023.
             The game lasted 00:47:28 (7253 turns).

Googleaster1 the Severer (Minotaur Berserker)       Turns: 7253, Time: 00:47:29

Health: 0/70       AC: 15    Str: 32    XL:     9   Next: 98%
Magic:  8/8        EV:  9    Int:  4    God:    Trog [***...]
Gold:   290        SH:  5    Dex: 13    Spells: 8/8 levels left

rFire   . . .      SeeInvis .   s - +0 hand axe (vorpal)
rCold   . . .      Faith    .   (no shield)
rNeg    + . .      Spirit   .   p - +0 plate armour
rPois   .          Reflect  +   (helmet restricted)
rElec   .          Harm     .   j - scarf {shadows}
rCorr   .          Rampage  .   t - +2 pair of gloves
Will    .....                   r - +0 pair of boots
Stlth   ..........              C - amulet of reflection
HPRegen 0.21/turn               y - +6 ring of strength
MPRegen 0.11/turn               c - ring "Myizetzonn" {rN+ Dex+3}

@: no status effects
A: horns 2, retaliatory headbutt, hooves 1
a: Renounce Religion, Berserk, Trog's Hand


You were on level 1 of the Lair of Beasts.
You worshipped Trog.
Trog was most pleased with you.
You visited 3 branches of the dungeon, and saw 10 of its levels.

You collected 422 gold pieces.
You spent 132 gold pieces at shops.

Inventory:

Hand Weapons
 s - a +0 vorpal hand axe (weapon)
 D - a +0 shortbow
 E - a +3 arbalest
Missiles
 e - 55 stones (quivered)
 h - 4 datura-tipped darts
 k - a boomerang
Armour
 a - an orb of wrath
 j - a scarf of shadows (worn)
 p - a +0 plate armour (worn)
 r - a +0 pair of boots (worn)
 t - a +2 pair of gloves (worn)
Jewellery
 b - a ring of see invisible
 c - the ring "Myizetzonn" (right hand) {rN+ Dex+3}
   (You found it on level 4 of the Dungeon)

   [ring of positive energy]

   Dex:       It affects your dexterity (+3).
   rN:        It protects you from negative energy.
 y - a +6 ring of strength (left hand)
 C - an amulet of reflection (around neck)
Wands
 w - a wand of charming (7)
 A - a wand of mindburst (13)
 B - a wand of polymorph (6)
Scrolls
 d - 4 scrolls of identify
 f - a scroll of butterflies
 g - a scroll of blinking
 m - a scroll of vulnerability
 n - 2 scrolls of noise {unknown}
 o - 2 scrolls of teleportation
 u - a scroll of enchant armour {unknown}
 v - a scroll of fear {unknown}
 z - a scroll of immolation {unknown}
Potions
 i - 2 potions of brilliance
 l - a potion of might {unknown}
 q - 3 potions of haste
 x - a potion of curing


   Skills:
 - Level 3.6 Fighting
 + Level 16.6 Axes
 - Level 3.6 Armour
 - Level 3.3 Dodging


You had 8 spell levels left.
You didn't know any spells.
Your spell library contained the following spells:

 Spells                   Type           Power      Damage    Failure   Level
 Leda's Liquefaction      Hex/Erth       0%         N/A       100%        4
 Lee's Rapid Deconstruct  Erth           0%         3d5*      100%        5
 Statue Form              Tmut/Erth      0%         N/A       100%        6


Dungeon Overview and Level Annotations

Branches:
Dungeon (8/15)             Temple (1/1) D:4            Lair (1/5) D:8

Altars:
Ashenzari
Cheibriados
Dithmenos
Elyvilon
Fedhas
Hepliaklqana
Kikubaaqudgha
Makhleb
Qazlal
Sif Muna
Trog
Uskayaw
Vehumet
Wu Jian
Xom
Yredelemnul
Zin
The Shining One

Shops:
D:6 [[   D:7 *

Annotations:
Temple 2 transporters


Innate Abilities, Weirdness & Mutations

You have a pair of horns on your head.
You reflexively headbutt those who attack you in melee.
You have large cloven feet.


Message History

You now have 260 gold pieces (gained 15).
Your skin stops crawling.
You feel less strong-willed.
There is a staircase to the Lair here.
You climb downwards.
Welcome to the Lair of Beasts!
There is a staircase back to the Dungeon here.
Found a robe.
Found a stone staircase leading down.
Found a ring mail.
You now have 273 gold pieces (gained 13).
You now have 290 gold pieces (gained 17).
A bullfrog comes into view.
Found a scroll of identify.
The bullfrog croaks.
You block the bullfrog's attack.
A rime drake comes into view.
You block the bullfrog's attack.
The rime drake hisses angrily.
The bullfrog barely misses you. The rime drake breathes ice at you.
The flash freeze hits you!!
You are encased in ice.
As you read the scroll of teleportation, it crumbles to dust.
You feel strangely unstable. The bullfrog closely misses you.
You furiously retaliate!
You headbutt the bullfrog! The bullfrog hits you!
The bullfrog attacks as you move away! The bullfrog hits you!
The bullfrog hits you but does no damage.
Your surroundings suddenly seem different.
The ice encasing you melts away. The rime drake breathes ice at you.
The flash freeze reflects off an invisible shield around you!
The flash freeze hits the rime drake!
The rime drake partially resists.
The rime drake is flash-frozen.
The rime drake breathes ice at you. The flash freeze hits you!
You are encased in ice.
The rime drake is no longer encased in ice.
The ice encasing you melts away. The rime drake closely misses you.
The rime drake breathes ice at you. The flash freeze hits you!!
You die...

######...##^.........### ###
#P#....................# ###...
#......................###P....
#...^..........................
##.............................
#P........................<....
###.........#..............P#..
#.........#.#k#.#..#.........
##...........@...#..#.........
#...............[.............
##............................
#....##......##..............
##.#######.####...#..........
#..# ##..###....##........ #.##
##.......... #.....### #.#
##........... .....># #.#
#P..........


You could see a rime drake (catching breath).

Vanquished Creatures
  Maurice (D:8)
  A komodo dragon (D:8)
  Grinder (D:4)
  A wyvern (D:7)
  A yak (D:8)
  Duvessa (D:5)
  2 orc warriors
  2 sky beasts (D:7)
  2 black bears
  2 ogres
  A centaur (D:7)
  3 phantoms
  3 bullfrogs (D:8)
  5 scorpions
  5 wights (D:8)
  Dowan (D:5)
  A jelly (D:7)
  4 killer bees (D:8)
  A gnoll bouda (D:7)
  2 hounds
  3 orc priests
  3 iguanas
  4 orc wizards
  Robin (D:2)
  4 gnolls
  14 adders
  A white imp (D:7)
  2 ufetubi (D:7)
  4 worms
  A dart slug (D:1)
  19 orcs
  3 ball pythons
  8 endoplasms
  2 giant cockroaches (D:4)
  7 goblins
  6 hobgoblins
  2 jackals (D:1)
  4 quokkas
  3 bats (D:1)
  7 frilled lizards
  7 kobolds
  2 rats (D:1)
147 creatures vanquished.

Vanquished Creatures (others)
  An orc wizard (D:7)
  15 fungi
  13 plants
29 creatures vanquished.

Grand Total: 176 creatures vanquished

Notes
Turn   | Place    | Note
-------+----------+-------------------------------------------
     0 | D:1      | Googleaster1 the Minotaur Berserker began the quest for the
                  | Orb.
     0 | D:1      | Reached XP level 1. HP: 19/19 MP: 0/0
   311 | D:1      | Reached skill level 4 in Axes
   311 | D:1      | Reached XP level 2. HP: 26/26 MP: 1/1
   921 | D:1      | Reached XP level 3. HP: 27/31 MP: 2/2
  1242 | D:2      | Found a faded altar of an unknown god.
  1550 | D:2      | Found a snail-covered altar of Cheibriados.
  1777 | D:2      | Reached ** piety under Trog
  1778 | D:2      | Reached skill level 5 in Axes
  1778 | D:2      | Reached XP level 4. HP: 33/39 MP: 3/3
  2025 | D:2      | Noticed Robin
  2031 | D:2      | Killed Robin
  2246 | D:3      | Identified the +2 mace of Uskayaw's Condemnation {flame,
                  | Will++ Str-2 Int+2 Dex+4}
  2785 | D:4      | Identified the ring "Myizetzonn" {rN+ Dex+3}
  2960 | D:4      | Reached XP level 5. HP: 36/45 MP: 4/4
  3152 | D:4      | Reached skill level 6 in Axes
  3514 | D:4      | Reached skill level 7 in Axes
  3514 | D:4      | Reached XP level 6. HP: 47/51 MP: 5/5
  3552 | D:4      | Noticed Grinder
  3554 | D:4      | Paralysed by Grinder for 2 turns
  3563 | D:4      | Paralysed by Grinder for 2 turns
  3570 | D:4      | Paralysed by Grinder for 2 turns
  3576 | D:4      | Paralysed by Grinder for 4 turns
  3585 | D:4      | Killed Grinder
  3586 | D:4      | Reached skill level 8 in Axes
  3732 | D:4      | Found a staircase to the Ecumenical Temple.
  3741 | Temple   | Entered the Ecumenical Temple
  3741 | Temple   | Found a transporter.
  3741 | Temple   | Found a transporter.
  3743 | Temple   | Found a transporter.
  3743 | Temple   | Found a transporter.
  4371 | D:5      | Entered Level 5 of the Dungeon
  4407 | D:5      | Reached XP level 7. HP: 48/57 MP: 6/6
  4489 | D:5      | Reached skill level 9 in Axes
  4696 | D:5      | Noticed Dowan
  4698 | D:5      | Noticed Duvessa
  4718 | D:5      | Killed Duvessa
  4719 | D:5      | Reached skill level 10 in Axes
  4723 | D:5      | Killed Dowan
  4845 | D:5      | Found an ornate altar of the Wu Jian Council.
  4900 | D:5      | Reached skill level 11 in Axes
  4900 | D:5      | Reached XP level 8. HP: 51/64 MP: 7/7
  5181 | D:5      | You fall into a shaft and drop 2 floors!
  5298 | D:6      | Reached skill level 12 in Axes
  5592 | D:6      | Found Saolat's Armour Shop.
  5837 | D:6      | Found Oshros's Armour Boutique.
  5861 | D:6      | Bought a scarf of shadows for 132 gold pieces
  5888 | D:7      | Reached skill level 13 in Axes
  6056 | D:7      | Found a broken altar of Ashenzari.
  6299 | D:7      | Gained mutation: You have large cloven feet. [potion of
                  | mutation]
  6327 | D:7      | Found Sirgh's Assorted Antiques.
  6333 | D:7      | Reached XP level 9. HP: 70/70 MP: 8/8
  6451 | D:7      | Reached skill level 14 in Axes
  6729 | D:7      | Reached *** piety under Trog
  7038 | D:8      | Reached skill level 15 in Axes
  7041 | D:8      | Noticed Maurice
  7067 | D:8      | Killed Maurice
  7106 | D:8      | Reached skill level 16 in Axes
  7109 | D:8      | Noticed a komodo dragon
  7122 | D:8      | Killed a komodo dragon
  7142 | D:8      | Found a staircase to the Lair.
  7153 | Lair:1   | Entered Level 1 of the Lair of Beasts
  7224 | Lair:1   | Noticed a rime drake
  7253 | Lair:1   | Killed from afar by a rime drake

Illustrated notes

Levels and vault maps discovered:
D:1:      nzn_arrival_settlement, layout_loops_corners, nrook_mini_vaults,
          chequers_avenue
D:2:      layout_basic, basic_altar, nicolae_ecumenical_lake_church,
          dk_vineyard_3, grunt_ministairs_11, roderic_serpentine_path,
          uniq_robin
D:3:      layout_basic
D:4:      nicolae_cairo_tiling_very_big, layout_cave_pods, minmay_starry_boxes,
          uniq_grinder
D:5:      layout_basic, nicolae_overflow_hidden_temple, lemuel_tele_altar,
          uniq_duvessa
D:6:      layout_rooms, serial_shops, shop, shop, nicolae_ossuary_entry_giza,
          kennysheep_generic_room_2
D:7:      layout_basic, nicolae_ashenzari_skybound, serial_shops,
          nicolae_diamond_shop, minmay_misc_feat_tiny
D:8:      layout_loops_ring, grunt_lair_entry_orc_guard_hut, enter_bailey_3,
          amcnicky_mini_pool_medium, uniq_maurice, uniq_grum
Temple:   hellmonk_temple_divided_pantheon
Lair:1:   layout_gridlike, beast_lair_carwin_9

Skill      XL: |  1  2  3  4  5  6  7  8  9 |
---------------+----------------------------+-----
Axes           | 4 5 7 8 11 13 16 | 16.6
Armour         | 3 |  3.6
Dodging        | 3 |  3.3
Fighting       | |  3.6

Action                   |  1- 3 |  4- 6 |  7- 9 || total
-------------------------+-------+-------+-------++-------
Melee: Hand axe          |    77 |   137 |   275 ||   489
       Headbutt          |    15 |    30 |    58 ||   103
       Punch             |     1 |     2 |     2 ||     5
Throw: Stone             |       |     4 |     1 ||     5
Invok: Trog's Hand       |       |     2 |     2 ||     4
       Berserk           |       |     1 |     2 ||     3
  Use: Potion            |       |     5 |     4 ||     9
       Scroll            |       |     5 |     2 ||     7
Armor: Animal skin       |     8 |       |       ||     8
       Ring mail         |     5 |     8 |       ||    13
       Plate armour      |       |    55 |   111 ||   166
Dodge: Dodged            |    42 |    54 |    82 ||   178
Block: Other             |       |       |    25 ||    25
       Reflection        |       |       |     1 ||     1
